Kings vs Blue Jackets
Created - 22 mars 2013 at 18:59
Goals
|
| Kings |
2 |
3 |
2 |
7 |
| Blue Jackets |
0 |
0 |
0 |
0 |
|
Shots
|
| Kings |
6 |
12 |
11 |
29 |
| Blue Jackets |
11 |
4 |
9 |
24 |
|
1st period
1. Kings , Tomas Plekanec 14 (Guillaume Latendresse, Branislav Mezei) at 8:29
2. Kings , Guillaume Latendresse 15 (Tomas Plekanec, Pavol Demitra) at 9:48 (PP)
Penalties :
Kevin Bieksa (Clb) for Tripping (Minor) at 9:12, Jamal Mayers (Clb) for Hooking (Minor) at 11:14, Ales Kotalik (Clb) for Roughing (Minor) at 17:34
2nd period
3. Kings , Tomas Plekanec 15 (Guillaume Latendresse) at 3:16
4. Kings , Matthew Barnaby 2 (Randy Robitaille, Jay Harrison) at 16:34
5. Kings , Brad Winchester 2 (Branislav Mezei) at 18:52
Penalties :
Pavol Demitra (LAK) for Goalie Interference (Minor) at 7:30, Greg Campbell (Clb) for Tripping (Minor) at 14:25
3rd period
6. Kings , Derek Boogaard 7 (Pavol Demitra, Bryan McCabe) at 10:20
7. Kings , Rick Nash 22 (Sydney Crosby, George Parros) at 15:00
Penalties :
Danny Richmond (LAK) for Hooking (Minor) at 6:15, Daymond Langkow (Clb) for Hooking (Minor) at 10:24
Goalie Stats
Jean-Sébastien Giguère (LAK), 24 saves from 24 shots - (1,000), W, 26-22-2, 60:00 minutes
Brent Johnson (Clb), 9 saves from 12 shots - (0,750), 23:26 minutes
Jaroslav Halak (Clb), 13 saves from 17 shots - (0,765), L, 13-14-5, 36:34 minutes
Players Stats for Kings
Player Name G A P +/- PIM S H SB GA TA FO MP PP MP PK MP
------------------------------------------------------------------------------------
Brad Winchester 1 0 1 2 0 2 0 2 1 0 0/0 9:37 0:00 2:08
Branislav Mezei 0 2 2 3 0 0 0 0 0 1 0/0 16:52 0:00 2:21
Bryan McCabe 0 1 1 3 0 0 0 2 0 1 0/0 18:55 3:06 0:50
Danny Richmond 0 0 0 1 2 0 4 1 0 0 0/0 21:24 3:06 0:46
Derek Boogaard 1 0 1 1 0 2 0 0 0 1 1/1 11:11 0:07 0:48
George Parros 0 1 1 1 0 1 0 0 0 0 0/0 16:30 0:07 0:40
Guillaume Latendresse 1 2 3 2 0 5 1 0 0 0 0/2 18:47 4:13 0:00
Jay Bouwmeester 0 0 0 1 0 1 5 2 0 0 0/0 24:39 5:00 1:37
Jay Harrison 0 1 1 2 0 0 0 3 0 0 0/0 17:09 0:26 2:21
Martin Havlat 0 0 0 2 0 1 2 1 0 0 1/1 18:46 4:12 0:00
Matthew Barnaby 1 0 1 2 0 2 0 1 0 0 0/0 7:29 0:00 0:00
Pavol Demitra 0 2 2 1 2 1 0 0 0 0 0/0 13:46 4:13 0:00
Randy Robitaille 0 1 1 2 0 1 0 0 0 0 1/5 9:35 0:00 2:06
Rick Nash 1 0 1 1 0 1 2 0 0 1 3/4 19:21 4:12 0:00
Ryan Whitney 0 0 0 2 0 2 3 0 0 1 0/0 21:12 5:26 0:01
Shawn Horcoff 0 0 0 1 0 1 2 0 0 0 2/4 11:29 0:07 1:16
Sydney Crosby 0 1 1 1 0 4 2 1 1 1 8/16 20:31 4:12 0:58
Tomas Plekanec 2 1 3 2 0 5 2 0 2 0 14/20 18:47 4:13 0:00
Players Stats for Blue Jackets
Player Name G A P +/- PIM S H SB GA TA FO MP PP MP PK MP
------------------------------------------------------------------------------------
Ales Kotalik 0 0 0 -2 2 1 0 0 0 0 0/1 12:49 0:16 0:00
Andrew Ebbett 0 0 0 -1 0 4 1 0 2 0 4/12 19:05 1:32 1:13
Brad Stuart 0 0 0 -2 0 0 1 0 0 1 0/0 21:25 1:23 2:56
David Booth 0 0 0 -2 0 2 2 0 0 0 2/3 19:48 2:19 3:42
Daymond Langkow 0 0 0 -2 2 1 1 0 0 0 10/17 17:57 2:19 1:18
Derek Morris 0 0 0 0 0 0 0 0 0 0 0/0 11:52 0:00 0:00
Glen Murray 0 0 0 -3 0 4 2 2 0 0 5/11 24:56 2:19 4:34
Greg Campbell 0 0 0 -3 2 1 0 0 0 0 2/6 12:18 0:00 0:00
Jamal Mayers 0 0 0 -2 2 3 3 1 2 1 0/3 20:38 1:26 3:22
Jason Ward 0 0 0 0 0 1 0 0 0 0 0/0 5:49 0:07 0:00
Kevin Bieksa 0 0 0 -2 2 0 1 0 1 1 0/0 21:09 1:19 2:56
Kristian Huselius 0 0 0 -1 0 1 2 0 0 0 0/0 17:49 1:32 0:35
Ladislav Nagy 0 0 0 -2 0 2 2 0 1 0 0/0 14:29 0:00 2:20
Marek Zidlicky 0 0 0 -2 0 2 2 0 0 1 0/0 23:52 2:39 5:36
Michael Frolik 0 0 0 0 0 1 1 0 0 0 0/0 5:31 0:00 0:00
Shaone Morrisonn 0 0 0 -2 0 0 0 1 0 0 0/0 3:06 0:00 0:00
Trevor Daley 0 0 0 0 0 0 1 1 0 0 0/0 11:52 0:00 0:00
Wade Redden 0 0 0 -4 0 1 2 3 0 0 0/0 26:58 2:39 5:36
3 Stars
1 - Tomas Plekanec (LAK)
2 - Jean-Sébastien Giguère (LAK)
3 - Guillaume Latendresse (LAK)
Power Play
Kings - 1 on 5 Attempt(s) - 20,00%
Blue Jackets - 0 on 2 Attempt(s) - 0,00%
Penalty Kill
Kings - 2 on 2 Attempt(s) - 100,00%
- Score 0 goal in Penalty Kill
Blue Jackets - 4 on 5 Attempt(s) - 80,00%
- Score 0 goal in Penalty Kill
Official
Referees : Fraser Kerry and Lee Chris
Linesman : Mike Cvik and Dan Schachte
Game Notes
Brent Johnson enters game at 16:34 of 2nd period
Finance
Level 1 -- Attendance: 6000 (100,00%) -- Ticket Income 540 000 $
Level 2 -- Attendance: 4939 (98,78%) -- Ticket Income 271 645 $
Level 3 -- Attendance: 1943 (97,15%) -- Ticket Income 58 290 $
Level 4 -- Attendance: 3741 (93,53%) -- Ticket Income 74 820 $
Luxury Box -- Attendance: 737 (73,70%) -- Ticket Income 136 345 $
Game was played at the Ohio State Arena
Total Attendance: 17360 (96,44%)
Total Ticket Income: 1 081 100 $
Total Income: 1 081 100 $
Kings
5 vs 5 Forward
Center Left Wing Right Wing Time % Phy DF OF
1 Sydney Crosby Rick Nash George Parros 35 1 1 3
2 Tomas Plekanec Guillaume Latendresse Martin Havlat 35 1 1 3
3 Shawn Horcoff Derek Boogaard Pavol Demitra 25 1 2 2
4 Randy Robitaille Brad Winchester Matthew Barnaby 5 1 2 2
5 vs 5 Defense
Defense Defense Time % Phy DF OF
1 Jay Bouwmeester Danny Richmond 35 0 3 2
2 Branislav Mezei Ryan Whitney 30 0 3 2
3 Bryan McCabe Jay Harrison 30 0 3 2
4 Jay Bouwmeester Danny Richmond 5 0 3 2
PowerPlay Forward
Center Left Wing Right Wing Time % Phy DF OF
1 Sydney Crosby Rick Nash Martin Havlat 60 0 1 4
2 Tomas Plekanec Guillaume Latendresse Pavol Demitra 40 0 1 4
PowerPlay Defense
Defense Defense Time % Phy DF OF
1 Jay Bouwmeester Ryan Whitney 60 0 2 3
2 Danny Richmond Bryan McCabe 40 0 2 3
Penalty Kill 4 Players Forward
Center Wing Time % Phy DF OF
1 Randy Robitaille Brad Winchester 60 1 3 1
2 Shawn Horcoff George Parros 40 1 3 1
Penalty Kill 4 Players Defense
Defense Defense Time % Phy DF OF
1 Jay Harrison Branislav Mezei 60 1 4 0
2 Jay Bouwmeester Danny Richmond 40 1 4 0
Penalty Kill - 3 Players Forward
Forward Time % Phy DF OF
1 Sydney Crosby 60 0 4 1
2 Randy Robitaille 40 0 4 1
Penalty Kill - 3 Players Defense
Defense Defense Time % Phy DF OF
1 Jay Bouwmeester Danny Richmond 60 1 4 0
2 Jay Harrison Branislav Mezei 40 1 4 0
4 vs 4 Forward
Center Wing Time % Phy DF OF
1 Sydney Crosby Guillaume Latendresse 60 1 2 2
2 Tomas Plekanec Rick Nash 40 1 2 2
4 vs 4 Defense
Defense Defense Time % Phy DF OF
1 Jay Bouwmeester Danny Richmond 60 1 2 2
2 Branislav Mezei Ryan Whitney 40 1 2 2
Last Minutes Offensive
Center Left Wing Right Wing Defense Defense
Sydney Crosby Rick Nash Martin Havlat Jay Bouwmeester Ryan Whitney
Last Minutes Defensive
Center Left Wing Right Wing Defense Defense
Sydney Crosby Rick Nash Martin Havlat Jay Bouwmeester Branislav Mezei
Goaltenders
Starting : Jean-Sébastien Giguère
Backup : Mike McKenna
Extra Forwards
Normal : Guillaume Latendresse, Martin Havlat, Shawn Horcoff - PP : Shawn Horcoff, Derek Boogaard - PK : Sydney Crosby
Extra Defensemen
Normal : Jay Harrison, Ryan Whitney, Bryan McCabe - PP : Jay Harrison - PK : Bryan McCabe, Ryan Whitney
Penalty Shots
Sydney Crosby, Martin Havlat, Shawn Horcoff, Rick Nash, Guillaume Latendresse
Blue Jackets
5 vs 5 Forward
Center Left Wing Right Wing Time % Phy DF OF
1 Daymond Langkow David Booth Glen Murray 40 1 2 2
2 Andrew Ebbett Kristian Huselius Jamal Mayers 30 1 2 2
3 Greg Campbell Ladislav Nagy Ales Kotalik 20 1 2 2
4 Glen Murray Michael Frolik Jason Ward 10 1 2 2
5 vs 5 Defense
Defense Defense Time % Phy DF OF
1 Wade Redden Marek Zidlicky 40 1 2 2
2 Kevin Bieksa Brad Stuart 30 1 2 2
3 Derek Morris Trevor Daley 20 1 2 2
4 Shaone Morrisonn Wade Redden 10 1 2 2
PowerPlay Forward
Center Left Wing Right Wing Time % Phy DF OF
1 Daymond Langkow David Booth Glen Murray 60 1 2 2
2 Andrew Ebbett Kristian Huselius Jamal Mayers 40 1 2 2
PowerPlay Defense
Defense Defense Time % Phy DF OF
1 Wade Redden Marek Zidlicky 60 1 2 2
2 Kevin Bieksa Brad Stuart 40 1 2 2
Penalty Kill 4 Players Forward
Center Wing Time % Phy DF OF
1 Glen Murray Jamal Mayers 60 1 2 2
2 Daymond Langkow David Booth 40 1 2 2
Penalty Kill 4 Players Defense
Defense Defense Time % Phy DF OF
1 Wade Redden Marek Zidlicky 60 1 2 2
2 Kevin Bieksa Brad Stuart 40 1 2 2
Penalty Kill - 3 Players Forward
Forward Time % Phy DF OF
1 Glen Murray 60 1 2 2
2 Jamal Mayers 40 1 2 2
Penalty Kill - 3 Players Defense
Defense Defense Time % Phy DF OF
1 Wade Redden Marek Zidlicky 60 1 2 2
2 Kevin Bieksa Brad Stuart 40 1 2 2
4 vs 4 Forward
Center Wing Time % Phy DF OF
1 Glen Murray Jamal Mayers 60 1 2 2
2 Daymond Langkow David Booth 40 1 2 2
4 vs 4 Defense
Defense Defense Time % Phy DF OF
1 Wade Redden Marek Zidlicky 60 1 2 2
2 Kevin Bieksa Brad Stuart 40 1 2 2
Last Minutes Offensive
Center Left Wing Right Wing Defense Defense
Daymond Langkow David Booth Glen Murray Wade Redden Marek Zidlicky
Last Minutes Defensive
Center Left Wing Right Wing Defense Defense
Daymond Langkow David Booth Glen Murray Wade Redden Marek Zidlicky
Goaltenders
Starting : Jaroslav Halak
Backup : Brent Johnson
Extra Forwards
Normal : Ales Kotalik, Jason Ward, Ladislav Nagy - PP : Ales Kotalik, Jason Ward - PK : Ladislav Nagy
Extra Defensemen
Normal : Derek Morris, Trevor Daley, Shaone Morrisonn - PP : Derek Morris - PK : Trevor Daley, Shaone Morrisonn
Penalty Shots
Glen Murray, Jamal Mayers, Daymond Langkow, David Booth, Kristian Huselius
% Time on Ice - Kings
Lines # - Real PCT - Wanted PCT - Time Play
Normal Forward
1 - 33% - 35% - 15:32
2 - 31% - 35% - 14:36
3 - 21% - 25% - 9:53
4 - 16% - 5% - 7:29
Normal Defense
1 - 36% - 35% - 17:13
2 - 30% - 30% - 14:26
3 - 32% - 30% - 15:13
4 - 1% - 5% - 0:38
PP Forward
1 - 51% - 60% - 4:19
2 - 49% - 40% - 4:13
PP Defense
1 - 64% - 60% - 5:26
2 - 36% - 40% - 3:06
PK Forward
1 - 83% - 60% - 3:18
2 - 17% - 40% - 0:40
PK Defense
1 - 59% - 60% - 2:21
2 - 41% - 40% - 1:37
PK3 Forward
1 - 0% - 60%
2 - 0% - 40%
PK3 Defense
1 - 0% - 60%
2 - 0% - 40%
44 Forward
1 - 0% - 60%
2 - 0% - 40%
44 Defense
1 - 0% - 60%
2 - 0% - 40%
Last Minute Offensive - 0:00
Last Minute Defensive - 0:00
Total
Forward - 60:00
Defense - 60:00
|
% Time on Ice - Blue Jackets
Lines # - Real PCT - Wanted PCT - Time Play
Normal Forward
1 - 29% - 40% - 13:59
2 - 33% - 30% - 15:51
3 - 26% - 20% - 12:09
4 - 12% - 10% - 5:31
Normal Defense
1 - 33% - 40% - 15:37
2 - 36% - 30% - 16:55
3 - 25% - 20% - 11:52
4 - 7% - 10% - 3:06
PP Forward
1 - 60% - 60% - 2:22
2 - 40% - 40% - 1:36
PP Defense
1 - 67% - 60% - 2:39
2 - 33% - 40% - 1:19
PK Forward
1 - 78% - 60% - 6:40
2 - 22% - 40% - 1:52
PK Defense
1 - 66% - 60% - 5:36
2 - 34% - 40% - 2:56
PK3 Forward
1 - 0% - 60%
2 - 0% - 40%
PK3 Defense
1 - 0% - 60%
2 - 0% - 40%
44 Forward
1 - 0% - 60%
2 - 0% - 40%
44 Defense
1 - 0% - 60%
2 - 0% - 40%
Last Minute Offensive - 0:00
Last Minute Defensive - 0:00
Total
Forward - 60:00
Defense - 60:00
|
Play by Play
1st period
0:01 of 1st period - Sydney Crosby wins face-off versus Daymond Langkow in neutral zone.
0:26 of 1st period - Andrew Ebbett is hit by Martin Havlat and loses puck.
0:49 of 1st period - Snap shot by Glen Murray.
0:49 of 1st period - Stopped by Jean-Sébastien Giguère with a rebound.
0:55 of 1st period - Marek Zidlicky is hit by Ryan Whitney and loses puck.
1:01 of 1st period - Icing by Glen Murray.
1:02 of 1st period - Glen Murray wins face-off versus Randy Robitaille in Blue Jackets zone.
1:17 of 1st period - Wrist shot by Glen Murray.
1:17 of 1st period - Stopped by Jean-Sébastien Giguère with a rebound.
1:31 of 1st period - Snap shot by Glen Murray.
1:31 of 1st period - Deflect By Michael Frolik.
1:31 of 1st period - Stopped by Jean-Sébastien Giguère with a rebound.
1:33 of 1st period - Slapshot by Brad Stuart.
1:33 of 1st period - Shot Blocked by Bryan McCabe.
1:35 of 1st period - Wrist shot by Jason Ward.
1:35 of 1st period - Shot Blocked by Brad Winchester.
1:37 of 1st period - Wrist shot by Glen Murray.
1:37 of 1st period - Shot Blocked by Matthew Barnaby.
1:39 of 1st period - Snap shot by Glen Murray.
1:39 of 1st period - Shot Blocked by Jay Harrison.
1:41 of 1st period - Snap shot by Jason Ward.
1:41 of 1st period - Stopped by Jean-Sébastien Giguère without a rebound.
1:42 of 1st period - Tomas Plekanec wins face-off versus Andrew Ebbett in Kings zone.
1:58 of 1st period - Snap shot by Tomas Plekanec.
1:58 of 1st period - Shot Misses the Net.
2:16 of 1st period - Wrist shot by George Parros.
2:16 of 1st period - Stopped by Jaroslav Halak without a rebound.
2:17 of 1st period - Derek Boogaard wins face-off versus Daymond Langkow in Blue Jackets zone.
2:30 of 1st period - Wrist shot by Derek Boogaard.
2:30 of 1st period - Shot Hit the Post.
2:52 of 1st period - Slapshot by Wade Redden.
2:52 of 1st period - Shot Misses the Net.
2:54 of 1st period - Snap shot by Ladislav Nagy.
2:54 of 1st period - Deflect By Ales Kotalik.
2:54 of 1st period - Stopped by Jean-Sébastien Giguère without a rebound.
2:55 of 1st period - Tomas Plekanec wins face-off versus Andrew Ebbett in Kings zone.
3:06 of 1st period - Wrist shot by Guillaume Latendresse.
3:06 of 1st period - Stopped by Jaroslav Halak with a rebound.
3:24 of 1st period - Off-side.
3:25 of 1st period - Daymond Langkow wins face-off versus Shawn Horcoff in neutral zone.
4:38 of 1st period - Randy Robitaille is hit by Kristian Huselius and loses puck.
5:27 of 1st period - Icing by Martin Havlat.
5:28 of 1st period - Andrew Ebbett wins face-off versus Tomas Plekanec in Kings zone.
5:39 of 1st period - Snap shot by Andrew Ebbett.
5:39 of 1st period - Stopped by Jean-Sébastien Giguère with a rebound.
5:51 of 1st period - George Parros is hit by Ladislav Nagy and loses puck.
5:58 of 1st period - Snap shot by Jay Harrison.
5:58 of 1st period - Shot Misses the Net.
6:34 of 1st period - Snap shot by Jamal Mayers.
6:34 of 1st period - Shot Blocked by Martin Havlat.
7:42 of 1st period - Snap shot by Jamal Mayers.
7:42 of 1st period - Stopped by Jean-Sébastien Giguère without a rebound.
7:43 of 1st period - Andrew Ebbett wins face-off versus Tomas Plekanec in Kings zone.
8:08 of 1st period - Guillaume Latendresse is hit by Trevor Daley and loses puck.
8:29 of 1st period - Wrist shot by Tomas Plekanec.
8:29 of 1st period - Goal by Tomas Plekanec - Kings : 1 - Blue Jackets : 0.
8:30 of 1st period - Daymond Langkow wins face-off versus Sydney Crosby in neutral zone.
8:43 of 1st period - Snap shot by George Parros.
8:43 of 1st period - Shot Misses the Net.
8:55 of 1st period - Wade Redden is hit by Shawn Horcoff and loses puck.
9:02 of 1st period - Shawn Horcoff is hit by Kristian Huselius and loses puck.
9:12 of 1st period - Minor Penalty to Kevin Bieksa for Tripping.
9:13 of 1st period - Rick Nash wins face-off versus Jamal Mayers in Blue Jackets zone.
9:26 of 1st period - Slapshot by Jay Bouwmeester.
9:26 of 1st period - Shot Misses the Net.
9:28 of 1st period - Slapshot by Ryan Whitney.
9:28 of 1st period - Shot Misses the Net.
9:48 of 1st period - Wrist shot by Guillaume Latendresse.
9:48 of 1st period - Goal by Guillaume Latendresse - Kings : 2 - Blue Jackets : 0.
9:49 of 1st period - Rick Nash wins face-off versus Glen Murray in neutral zone.
10:23 of 1st period - Wrist shot by David Booth.
10:23 of 1st period - Stopped by Jean-Sébastien Giguère without a rebound.
10:24 of 1st period - Sydney Crosby wins face-off versus Andrew Ebbett in Kings zone.
10:24 of 1st period - Sydney Crosby is hit by Kevin Bieksa.
10:35 of 1st period - Icing by Kevin Bieksa.
10:36 of 1st period - Sydney Crosby wins face-off versus Andrew Ebbett in Blue Jackets zone.
10:49 of 1st period - Snap shot by Jamal Mayers.
10:49 of 1st period - Shot Blocked by Danny Richmond.
10:53 of 1st period - Wrist shot by Jamal Mayers.
10:53 of 1st period - Stopped by Jean-Sébastien Giguère with a rebound.
10:55 of 1st period - Slapshot by Kevin Bieksa.
10:55 of 1st period - Shot Misses the Net.
10:57 of 1st period - Snap shot by Kristian Huselius.
10:57 of 1st period - Stopped by Jean-Sébastien Giguère with a rebound.
10:59 of 1st period - Slapshot by Kevin Bieksa.
10:59 of 1st period - Shot Blocked by Jay Bouwmeester.
11:03 of 1st period - Backhand shot by Andrew Ebbett.
11:03 of 1st period - Stopped by Jean-Sébastien Giguère with a rebound.
11:14 of 1st period - Minor Penalty to Jamal Mayers for Hooking.
11:15 of 1st period - Tomas Plekanec wins face-off versus Glen Murray in Blue Jackets zone.
11:18 of 1st period - Snap shot by Guillaume Latendresse.
11:18 of 1st period - Stopped by Jaroslav Halak without a rebound.
11:19 of 1st period - Tomas Plekanec wins face-off versus Glen Murray in Blue Jackets zone.
11:24 of 1st period - Wrist shot by Guillaume Latendresse.
11:24 of 1st period - Shot Blocked by Wade Redden.
11:26 of 1st period - Slapshot by Ryan Whitney.
11:26 of 1st period - Stopped by Jaroslav Halak without a rebound.
11:27 of 1st period - Sydney Crosby wins face-off versus Glen Murray in Blue Jackets zone.
11:28 of 1st period - Slapshot by Jay Bouwmeester.
11:28 of 1st period - Shot Blocked by Wade Redden.
11:30 of 1st period - Slapshot by Ryan Whitney.
11:30 of 1st period - Shot Misses the Net.
11:38 of 1st period - Snap shot by Sydney Crosby.
11:38 of 1st period - Shot Misses the Net.
13:14 of 1st period - Penalty to Jamal Mayers is over, Jamal Mayers is back on ice.
13:27 of 1st period - Derek Morris is hit by Jay Bouwmeester and loses puck.
15:05 of 1st period - Daymond Langkow is hit by Rick Nash.
15:28 of 1st period - Jay Bouwmeester is hit by Michael Frolik and loses puck.
16:09 of 1st period - Sydney Crosby is hit by Daymond Langkow and loses puck.
17:21 of 1st period - Snap shot by Tomas Plekanec.
17:21 of 1st period - Shot Misses the Net.
17:34 of 1st period - Minor Penalty to Ales Kotalik for Roughing.
17:35 of 1st period - Glen Murray wins face-off versus Sydney Crosby in Blue Jackets zone.
17:47 of 1st period - Wrist shot by Glen Murray.
17:47 of 1st period - Shot Misses the Net.
19:03 of 1st period - Jay Bouwmeester is hit by David Booth and loses puck.
19:10 of 1st period - Wade Redden is hit by Ryan Whitney and loses puck.
19:34 of 1st period - Penalty to Ales Kotalik is over, Ales Kotalik is back on ice.
2nd period
0:01 of 2nd period - Daymond Langkow wins face-off versus Guillaume Latendresse in neutral zone.
0:27 of 2nd period - George Parros is hit by Jamal Mayers and loses puck.
1:16 of 2nd period - Wrist shot by Shawn Horcoff.
1:16 of 2nd period - Stopped by Jaroslav Halak with a rebound.
1:18 of 2nd period - Wrist shot by Shawn Horcoff.
1:18 of 2nd period - Shot Blocked by Trevor Daley.
1:28 of 2nd period - Wrist shot by Guillaume Latendresse.
1:28 of 2nd period - Stopped by Jaroslav Halak without a rebound.
1:29 of 2nd period - Tomas Plekanec wins face-off versus Andrew Ebbett in Blue Jackets zone.
1:30 of 2nd period - Wrist shot by Guillaume Latendresse.
1:30 of 2nd period - Stopped by Jaroslav Halak without a rebound.
1:31 of 2nd period - Tomas Plekanec wins face-off versus Andrew Ebbett in Blue Jackets zone.
1:34 of 2nd period - Wrist shot by Tomas Plekanec.
1:34 of 2nd period - Stopped by Jaroslav Halak with a rebound.
1:44 of 2nd period - Slapshot by Andrew Ebbett.
1:44 of 2nd period - Stopped by Jean-Sébastien Giguère without a rebound.
1:45 of 2nd period - David Booth wins face-off versus Sydney Crosby in Kings zone.
1:56 of 2nd period - Snap shot by Daymond Langkow.
1:56 of 2nd period - Shot Misses the Net.
2:10 of 2nd period - Martin Havlat is hit by Andrew Ebbett and loses puck.
3:10 of 2nd period - Off-side.
3:11 of 2nd period - Tomas Plekanec wins face-off versus Jamal Mayers in neutral zone.
3:16 of 2nd period - Wrist shot by Tomas Plekanec.
3:16 of 2nd period - Goal by Tomas Plekanec - Kings : 3 - Blue Jackets : 0.
3:17 of 2nd period - Tomas Plekanec wins face-off versus Daymond Langkow in neutral zone.
3:28 of 2nd period - Snap shot by Tomas Plekanec.
3:28 of 2nd period - Shot Misses the Net.
3:44 of 2nd period - Jamal Mayers is hit by Danny Richmond and loses puck.
3:55 of 2nd period - Wrist shot by Sydney Crosby.
3:55 of 2nd period - Stopped by Jaroslav Halak without a rebound.
3:56 of 2nd period - Daymond Langkow wins face-off versus Shawn Horcoff in Blue Jackets zone.
4:23 of 2nd period - Wrist shot by Tomas Plekanec.
4:23 of 2nd period - Stopped by Jaroslav Halak with a rebound.
5:03 of 2nd period - Snap shot by Daymond Langkow.
5:03 of 2nd period - Shot Misses the Net.
6:09 of 2nd period - Slapshot by Marek Zidlicky.
6:09 of 2nd period - Stopped by Jean-Sébastien Giguère without a rebound.
6:10 of 2nd period - Rick Nash wins face-off versus Glen Murray in Kings zone.
6:22 of 2nd period - Wrist shot by Michael Frolik.
6:22 of 2nd period - Shot Blocked by Jay Harrison.
6:40 of 2nd period - Wrist shot by Ladislav Nagy.
6:40 of 2nd period - Stopped by Jean-Sébastien Giguère without a rebound.
6:41 of 2nd period - Greg Campbell wins face-off versus Guillaume Latendresse in Kings zone.
6:42 of 2nd period - Slapshot by Ales Kotalik.
6:42 of 2nd period - Shot Misses the Net.
7:30 of 2nd period - Minor Penalty to Pavol Demitra for Goalie Interference.
7:31 of 2nd period - David Booth wins face-off versus Randy Robitaille in Kings zone.
9:08 of 2nd period - Derek Boogaard is hit by David Booth and loses puck.
9:30 of 2nd period - Penalty to Pavol Demitra is over, Pavol Demitra is back on ice.
9:37 of 2nd period - Greg Campbell is hit by Danny Richmond and loses puck.
10:06 of 2nd period - Bryan McCabe is hit by Glen Murray and loses puck.
10:57 of 2nd period - Snap shot by Jay Bouwmeester.
10:57 of 2nd period - Stopped by Jaroslav Halak without a rebound.
10:58 of 2nd period - Glen Murray wins face-off versus Randy Robitaille in Blue Jackets zone.
10:58 of 2nd period - Glen Murray is hit by Danny Richmond.
11:22 of 2nd period - Brad Stuart is hit by Ryan Whitney and loses puck.
11:27 of 2nd period - Slapshot by Brad Winchester.
11:27 of 2nd period - Stopped by Jaroslav Halak without a rebound.
11:28 of 2nd period - Andrew Ebbett wins face-off versus Sydney Crosby in Blue Jackets zone.
11:37 of 2nd period - Wrist shot by Andrew Ebbett.
11:37 of 2nd period - Stopped by Jean-Sébastien Giguère with a rebound.
11:51 of 2nd period - Greg Campbell is hit by Martin Havlat and loses puck.
11:56 of 2nd period - Snap shot by Tomas Plekanec.
11:56 of 2nd period - Stopped by Jaroslav Halak with a rebound.
12:30 of 2nd period - Snap shot by Jamal Mayers.
12:30 of 2nd period - Shot Blocked by Jay Bouwmeester.
14:25 of 2nd period - Minor Penalty to Greg Campbell for Tripping.
14:26 of 2nd period - Sydney Crosby wins face-off versus Glen Murray in Blue Jackets zone.
15:55 of 2nd period - Marek Zidlicky is hit by Danny Richmond.
16:25 of 2nd period - Penalty to Greg Campbell is over, Greg Campbell is back on ice.
16:34 of 2nd period - Snap shot by Randy Robitaille.
16:34 of 2nd period - Deflect By Matthew Barnaby.
16:34 of 2nd period - Goal by Matthew Barnaby - Kings : 4 - Blue Jackets : 0.
16:34 of 2nd period - Brent Johnson enters game.
16:35 of 2nd period - Greg Campbell wins face-off versus Rick Nash in neutral zone.
18:07 of 2nd period - Ales Kotalik is hit by Jay Bouwmeester and loses puck.
18:52 of 2nd period - Wrist shot by Brad Winchester.
18:52 of 2nd period - Goal by Brad Winchester - Kings : 5 - Blue Jackets : 0.
18:53 of 2nd period - Daymond Langkow wins face-off versus Sydney Crosby in neutral zone.
19:46 of 2nd period - Brad Winchester is hit by Jamal Mayers.
3rd period
0:01 of 3rd period - Sydney Crosby wins face-off versus Daymond Langkow in neutral zone.
0:42 of 3rd period - Wade Redden is hit by Guillaume Latendresse and loses puck.
1:13 of 3rd period - Glen Murray is hit by Jay Bouwmeester and loses puck.
1:55 of 3rd period - Wrist shot by Ladislav Nagy.
1:55 of 3rd period - Stopped by Jean-Sébastien Giguère without a rebound.
1:56 of 3rd period - Tomas Plekanec wins face-off versus Greg Campbell in Kings zone.
1:56 of 3rd period - Tomas Plekanec is hit by Ladislav Nagy.
2:30 of 3rd period - Wrist shot by Daymond Langkow.
2:30 of 3rd period - Shot Misses the Net.
2:36 of 3rd period - Daymond Langkow is hit by Rick Nash.
2:54 of 3rd period - Wrist shot by Pavol Demitra.
2:54 of 3rd period - Shot Misses the Net.
3:24 of 3rd period - Slapshot by Ryan Whitney.
3:24 of 3rd period - Deflect By Glen Murray.
3:24 of 3rd period - Stopped by Brent Johnson without a rebound.
3:25 of 3rd period - Glen Murray wins face-off versus Tomas Plekanec in Blue Jackets zone.
3:38 of 3rd period - Jason Ward is hit by Tomas Plekanec.
3:47 of 3rd period - Off-side.
3:48 of 3rd period - Sydney Crosby wins face-off versus Andrew Ebbett in neutral zone.
4:03 of 3rd period - Wrist shot by Sydney Crosby.
4:03 of 3rd period - Shot Misses the Net.
4:13 of 3rd period - Branislav Mezei is hit by Marek Zidlicky and loses puck.
4:20 of 3rd period - Snap shot by Glen Murray.
4:20 of 3rd period - Deflect By Martin Havlat.
4:20 of 3rd period - Shot Misses the Net.
4:20 of 3rd period - Puck is out of play.
4:21 of 3rd period - Sydney Crosby wins face-off versus David Booth in Kings zone.
4:28 of 3rd period - Slapshot by Daymond Langkow.
4:28 of 3rd period - Stopped by Jean-Sébastien Giguère without a rebound.
4:29 of 3rd period - Daymond Langkow wins face-off versus Sydney Crosby in Kings zone.
4:32 of 3rd period - Snap shot by Glen Murray.
4:32 of 3rd period - Shot Misses the Net.
4:34 of 3rd period - Snap shot by David Booth.
4:34 of 3rd period - Deflect By Bryan McCabe.
4:34 of 3rd period - Shot Blocked by Jay Harrison.
4:34 of 3rd period - Puck is out of play.
4:35 of 3rd period - Tomas Plekanec wins face-off versus Daymond Langkow in Kings zone.
4:48 of 3rd period - Wrist shot by Martin Havlat.
4:48 of 3rd period - Shot Blocked by Glen Murray.
5:03 of 3rd period - Off-side.
5:04 of 3rd period - Andrew Ebbett wins face-off versus Sydney Crosby in neutral zone.
5:23 of 3rd period - Wrist shot by Sydney Crosby.
5:23 of 3rd period - Shot Blocked by Jamal Mayers.
5:41 of 3rd period - Wrist shot by Jamal Mayers.
5:41 of 3rd period - Stopped by Jean-Sébastien Giguère with a rebound.
6:15 of 3rd period - Minor Penalty to Danny Richmond for Hooking.
6:16 of 3rd period - Daymond Langkow wins face-off versus Randy Robitaille in Kings zone.
6:19 of 3rd period - Wrist shot by David Booth.
6:19 of 3rd period - Shot Blocked by Brad Winchester.
6:27 of 3rd period - Slapshot by Glen Murray.
6:27 of 3rd period - Stopped by Jean-Sébastien Giguère without a rebound.
6:28 of 3rd period - Randy Robitaille wins face-off versus Daymond Langkow in Kings zone.
6:35 of 3rd period - Jay Harrison is hit by Glen Murray and loses puck.
7:03 of 3rd period - Slapshot by Daymond Langkow.
7:03 of 3rd period - Shot Misses the Net.
8:15 of 3rd period - Penalty to Danny Richmond is over, Danny Richmond is back on ice.
8:21 of 3rd period - Danny Richmond is hit by Marek Zidlicky and loses puck.
8:31 of 3rd period - Off-side.
8:32 of 3rd period - Martin Havlat wins face-off versus Greg Campbell in neutral zone.
9:50 of 3rd period - Snap shot by Sydney Crosby.
9:50 of 3rd period - Shot Blocked by Wade Redden.
9:52 of 3rd period - Wrist shot by Sydney Crosby.
9:52 of 3rd period - Stopped by Brent Johnson with a rebound.
9:54 of 3rd period - Wrist shot by Sydney Crosby.
9:54 of 3rd period - Stopped by Brent Johnson with a rebound.
10:10 of 3rd period - Slapshot by Glen Murray.
10:10 of 3rd period - Shot Misses the Net.
10:16 of 3rd period - Wrist shot by Pavol Demitra.
10:16 of 3rd period - Stopped by Brent Johnson with a rebound.
10:18 of 3rd period - Wrist shot by Derek Boogaard.
10:18 of 3rd period - Shot Blocked by Shaone Morrisonn.
10:20 of 3rd period - Wrist shot by Derek Boogaard.
10:20 of 3rd period - Goal by Derek Boogaard - Kings : 6 - Blue Jackets : 0.
10:21 of 3rd period - Daymond Langkow wins face-off versus Tomas Plekanec in neutral zone.
10:24 of 3rd period - Minor Penalty to Daymond Langkow for Hooking.
10:25 of 3rd period - Glen Murray wins face-off versus Sydney Crosby in Blue Jackets zone.
10:40 of 3rd period - Snap shot by Sydney Crosby.
10:40 of 3rd period - Shot Misses the Net.
12:20 of 3rd period - Wade Redden is hit by Jay Bouwmeester and loses puck.
12:24 of 3rd period - Penalty to Daymond Langkow is over, Daymond Langkow is back on ice.
12:31 of 3rd period - Snap shot by Derek Boogaard.
12:31 of 3rd period - Stopped by Brent Johnson with a rebound.
12:49 of 3rd period - Slapshot by Brad Winchester.
12:49 of 3rd period - Shot Blocked by Glen Murray.
12:51 of 3rd period - Slapshot by Matthew Barnaby.
12:51 of 3rd period - Stopped by Brent Johnson without a rebound.
12:52 of 3rd period - Shawn Horcoff wins face-off versus Ales Kotalik in Blue Jackets zone.
13:43 of 3rd period - Brad Stuart is hit by Sydney Crosby and loses puck.
13:58 of 3rd period - Randy Robitaille is hit by Brad Stuart and loses puck.
14:13 of 3rd period - Brad Stuart is hit by Shawn Horcoff and loses puck.
14:58 of 3rd period - Wrist shot by Sydney Crosby.
14:58 of 3rd period - Stopped by Brent Johnson with a rebound.
15:00 of 3rd period - Wrist shot by Rick Nash.
15:00 of 3rd period - Goal by Rick Nash - Kings : 7 - Blue Jackets : 0.
15:01 of 3rd period - Tomas Plekanec wins face-off versus Greg Campbell in neutral zone.
15:15 of 3rd period - Derek Morris is hit by Jay Bouwmeester.
15:27 of 3rd period - David Booth is hit by Sydney Crosby and loses puck.
15:36 of 3rd period - Snap shot by Sydney Crosby.
15:36 of 3rd period - Shot Misses the Net.
15:55 of 3rd period - Slapshot by Glen Murray.
15:55 of 3rd period - Stopped by Jean-Sébastien Giguère without a rebound.
15:56 of 3rd period - Tomas Plekanec wins face-off versus Andrew Ebbett in Kings zone.
15:56 of 3rd period - Tomas Plekanec is hit by Wade Redden.
16:10 of 3rd period - Marek Zidlicky is hit by Tomas Plekanec and loses puck.
16:25 of 3rd period - Wrist shot by Randy Robitaille.
16:25 of 3rd period - Stopped by Brent Johnson with a rebound.
16:31 of 3rd period - Jay Harrison is hit by Jamal Mayers and loses puck.
16:36 of 3rd period - Slapshot by Jamal Mayers.
16:36 of 3rd period - Shot Misses the Net.
16:38 of 3rd period - Snap shot by Marek Zidlicky.
16:38 of 3rd period - Stopped by Jean-Sébastien Giguère without a rebound.
16:39 of 3rd period - Tomas Plekanec wins face-off versus Daymond Langkow in Kings zone.
16:44 of 3rd period - Slapshot by Jay Bouwmeester.
16:44 of 3rd period - Deflect By Martin Havlat.
16:44 of 3rd period - Stopped by Brent Johnson without a rebound.
16:45 of 3rd period - Daymond Langkow wins face-off versus Tomas Plekanec in Blue Jackets zone.
17:52 of 3rd period - Icing by Marek Zidlicky.
17:53 of 3rd period - Daymond Langkow wins face-off versus Tomas Plekanec in Blue Jackets zone.
18:00 of 3rd period - Martin Havlat is hit by Wade Redden and loses puck.
18:23 of 3rd period - Wrist shot by David Booth.
18:23 of 3rd period - Stopped by Jean-Sébastien Giguère with a rebound.
18:25 of 3rd period - Backhand shot by Marek Zidlicky.
18:25 of 3rd period - Shot Blocked by Bryan McCabe.
18:27 of 3rd period - Slapshot by Wade Redden.
18:27 of 3rd period - Stopped by Jean-Sébastien Giguère without a rebound.
18:28 of 3rd period - Shawn Horcoff wins face-off versus Jamal Mayers in Kings zone.
18:58 of 3rd period - Snap shot by Greg Campbell.
18:58 of 3rd period - Stopped by Jean-Sébastien Giguère without a rebound.
18:59 of 3rd period - Tomas Plekanec wins face-off versus Greg Campbell in Kings zone.
19:29 of 3rd period - Snap shot by David Booth.
19:29 of 3rd period - Shot Misses the Net.
19:31 of 3rd period - Snap shot by David Booth.
19:31 of 3rd period - Shot Blocked by Sydney Crosby.
Output by the SimonT Hockey Simulator (STHS) for François Prévost -- Original Page W3C XHTML 1.0 Valid